 Dungeon Crawl Stone Soup version 0.30-a0-137-gd8773701ce (webtiles) character file.

Game seed: 1772035179870081155

200992 Engwar the Wrestler (level 18, -1/188 HPs)
             Began as a Troll Fighter on Sept 23, 2022.
             Was a High Priest of Wu Jian.
             Slain by the 27-headed Lernaean hydra (5 damage)
             ... on level 4 of the Swamp.
             The game lasted 01:26:36 (30277 turns).

Engwar the Wrestler (Troll Fighter)                Turns: 30277, Time: 01:26:36

Health: -1/188     AC: 22    Str: 29    XL:     18   Next: 28%
Magic:  17/17      EV: 19    Int: 15    God:    Wu Jian [*****.]
Gold:   2811       SH: 22    Dex: 15    Spells: 17/17 levels left

rFire   . . .      SeeInvis +      - Unarmed
rCold   + . .      Faith    .    b - +4 kite shield
rNeg    . . .      Spirit   .    J - +4 ice dragon scales of Eternal Night {rF- rC++ Int+3 Dex+6 Stlth+}
rPois   +          Reflect  +    V - +3 crown of Dyrovepreva {rElec Int+2 SInv}
rElec   +          Harm     .    y - +1 cloak {rPois}
rCorr   .          Rampage  .    (gloves unavailable)
Will    ++...                    (boots unavailable)
Stlth   +.........               e - amulet of reflection
HPRegen 1.21/turn                j - ring of fire
MPRegen 0.15/turn                Q - ring of willpower

@: lethally poisoned (-1 -> -1), exhausted, about to teleport, in a heavenly
storm, glowing, studying Throwing, very slow
A: large, unfitting armour, claws 3, regeneration 1, shaggy fur 1, tough skin 1
a: Renounce Religion, Wall Jump, Serpent's Lash, Heavenly Storm


You were on level 4 of the Swamp.
You worshipped Wu Jian.
Wu Jian was extremely pleased with you.
You visited 6 branches of the dungeon, and saw 30 of its levels.
You also visited: Sewer, Bailey and Gauntlet.

You collected 2811 gold pieces.

Inventory:

Missiles
 a - 4 javelins
 o - 19 large rocks (quivered)
 R - 4 throwing nets
Armour
 b - a +4 kite shield (worn)
 u - a +2 robe of fire resistance
 y - a +1 cloak of poison resistance (worn)
 G - +0 swamp dragon scales
 J - the +4 ice dragon scales of Eternal Night (worn) {rF- rC++ Int+3 Dex+6 Stlth+}
   (You found it on level 1 of the Orcish Mines)

   Int:       It affects your intelligence (+3).
   Dex:       It affects your dexterity (+6).
   rF:        It makes you vulnerable to fire.
   rC:        It greatly protects you from cold.
   Stlth:     It makes you more stealthy.
 O - +0 steam dragon scales
 P - the +0 hat of the Lonely Shrikes {Regen+}
   (You found it in a Gauntlet)

   Regen:     It increases your rate of health regeneration.
 V - the +3 crown of Dyrovepreva (worn) {rElec Int+2 SInv}
   (You found it on level 14 of the Dungeon)

   Int:       It affects your intelligence (+2).
   rElec:     It insulates you from electricity.
   SInv:      It lets you see invisible.
Magical Staves
 E - a staff of earth
Jewellery
 e - an amulet of reflection (around neck)
 j - a ring of fire (left claw)
 Q - a ring of willpower (right claw)
 W - the ring of Dyrural {rPois rC+ Str+7}
   (You acquired it on level 14 of the Dungeon)

   [ring of protection from cold]

   Str:       It affects your strength (+7).
   rC:        It protects you from cold.
   rPois:     It protects you from poison.
 X - a ring of wizardry
 Z - a ring of positive energy
Wands
 h - a wand of quicksilver (28)
 i - a wand of paralysis (29)
 v - a wand of polymorph (25)
 D - a wand of flame (48)
 F - a wand of digging (2)
 L - a wand of mindburst (17)
 M - a wand of iceblast (22)
Scrolls
 k - 4 scrolls of magic mapping
 l - 7 scrolls of teleportation
 s - 8 scrolls of fear
 x - 3 scrolls of butterflies
 C - 16 scrolls of identify
 H - 3 scrolls of amnesia
 I - 2 scrolls of silence
 K - 6 scrolls of poison
 N - a scroll of summoning
Potions
 c - 5 potions of might
 d - 6 potions of attraction
 f - 7 potions of mutation
 g - 15 potions of curing
 n - 2 potions of brilliance
 p - 5 potions of flight
 q - 2 potions of berserk rage
 r - 4 potions of haste
 t - 3 potions of resistance
 w - 3 potions of magic
 z - 6 potions of lignification
 T - a potion of heal wounds
Miscellaneous
 Y - a lightning rod (4/4)


   Skills:
 + Level 13.8 Fighting
 - Level 5.0 Throwing
 - Level 5.0 Armour
 - Level 9.9 Dodging
 + Level 14.6 Shields
 * Level 22.0 Unarmed Combat


You had 17 spell levels left.
You didn't know any spells.
Your spell library contained the following spells:

 Spells                   Type           Power      Damage    Failure   Level
 Apportation              Tloc           0%         N/A       69%         1
 Freeze                   Ice            0%         1d3       69%         1
 Magic Dart               Conj           0%         1d3       69%         1
 Necrotise                Necr           0%         1d4       69%         1
 Summon Small Mammal      Summ           0%         N/A       69%         1
 Ensorcelled Hibernation  Hex/Ice        0%         N/A       83%         2
 Searing Ray              Conj           0%         2d4       83%         2
 Dazzling Flash           Conj/Hex       0%         N/A       96%         3
 Frozen Ramparts          Ice            0%         1d1       96%         3
 Inner Flame              Hex/Fire       0%         N/A       96%         3
 Spider Form              Tmut/Pois      0%         N/A       96%         3
 Summon Guardian Golem    Hex/Summ       0%         N/A       96%         3
 Anguish                  Hex/Necr       0%         N/A       100%        4
 Cause Fear               Hex            0%         N/A       100%        4
 Fulminant Prism          Conj/Hex       0%         3d6       100%        4
 Hailstorm                Conj/Ice       0%         3d3       100%        4
 Agony                    Necr           0%         N/A       100%        5
 Alistair's Intoxication  Tmut/Pois      0%         N/A       100%        5
 Arcjolt                  Conj/Air       0%         1d10      100%        5
 Blade Hands              Tmut           0%         N/A       100%        5
 Fireball                 Conj/Fire      0%         3d3       100%        5
 Freezing Cloud           Conj/Ice/Air   0%         6-21      100%        5
 Irradiate                Conj/Tmut      0%         3d11      100%        5
 Iskenderun's Battlesphe  Conj           0%         2d6       100%        5
 Silence                  Hex/Air        0%         N/A       100%        5
 Conjure Ball Lightning   Conj/Air       0%         3x3d6     100%        6
 Iron Shot                Conj/Erth      0%         9d1       100%        6
 Simulacrum               Ice/Necr       0%         N/A       100%        6
 Dragon Form              Tmut           0%         N/A       100%        7
 Orb of Destruction       Conj           0%         9d5       100%        7
 Spellforged Servitor     Conj/Summ      0%         N/A       100%        7
 Discord                  Hex            0%         N/A       100%        8
 Dragon's Call            Summ           0%         N/A       100%        9
 Polar Vortex             Ice            0%         N/A       100%        9


Dungeon Overview and Level Annotations

Branches:
Dungeon (15/15)            Temple (1/1) D:4            Lair (5/5) D:8
  Swamp (4/4) Lair:3       Spider (3/4) Lair:3        Slime (0/5) Lair:4
    Orc (2/2) D:12            Elf (0/3) Orc:2        Vaults (0/5) D:13
 Depths (0/4) D:15          Sewer (visited)          Bailey (visited)
Gauntlet (visited)

Altars:
Ashenzari
Cheibriados
Dithmenos
Elyvilon
Fedhas
Gozag
Hepliaklqana
Kikubaaqudgha
Makhleb
Nemelex Xobeh
Okawaru
Qazlal
Ru
Sif Muna
Trog
Uskayaw
Vehumet
Wu Jian
Xom
Yredelemnul
The Shining One
Jiyva
Lugonu

Shops:
Orc:2 *:[[

Portals:
Abyss: Lair:5

Annotations:
Swamp:4 Lernaean hydra


Innate Abilities, Weirdness & Mutations

You are too large for most types of armour.
You have claws for hands.
Your natural rate of healing is unusually fast.
You are covered in fur. (AC +1)
You have tough skin. (AC +1)


Message History

* * * LOW HITPOINT WARNING * * *
The 27-headed Lernaean hydra bites you but does no damage.
The 27-headed Lernaean hydra closely misses you.
The 27-headed Lernaean hydra bites you but does no damage.
The 27-headed Lernaean hydra bites you.
* * * LOW HITPOINT WARNING * * *
The 27-headed Lernaean hydra bites you but does no damage. x2
You block the 27-headed Lernaean hydra's attack.
The 27-headed Lernaean hydra bites you but does no damage.
You block the 27-headed Lernaean hydra's attack.
The 27-headed Lernaean hydra bites you but does no damage.
The 27-headed Lernaean hydra completely misses you.
The 27-headed Lernaean hydra closely misses you.
The 27-headed Lernaean hydra completely misses you.
The 27-headed Lernaean hydra closely misses you.
The 27-headed Lernaean hydra barely misses you.
The 27-headed Lernaean hydra bites you but does no damage.
The 27-headed Lernaean hydra closely misses you.
The 27-headed Lernaean hydra bites you but does no damage. x2
The 27-headed Lernaean hydra bites you.
* * * LOW HITPOINT WARNING * * *
The 27-headed Lernaean hydra misses you.
Blink to where?
Press: ? - help, Dir - move target Splash!
As you read the scroll of blinking, it crumbles to dust.
You feel sick.
As you read the scroll of teleportation, it crumbles to dust.
You feel strangely unstable.
You feel sick. The 27-headed Lernaean hydra bites you!
* * * LOW HITPOINT WARNING * * *
The 27-headed Lernaean hydra bites you but does no damage. x3
The 27-headed Lernaean hydra completely misses you.
You block the 27-headed Lernaean hydra's attack.
The 27-headed Lernaean hydra misses you.
The 27-headed Lernaean hydra bites you!
* * * LOW HITPOINT WARNING * * *
You block the 27-headed Lernaean hydra's attack.
The 27-headed Lernaean hydra bites you.
You die...

[ .....♣♣.♣~♣♣
....♣...~~..~♣
.~~~.~....♣.♣♣♣♣♣♣♣♣♣
~....~♣♣.~...~§..~~.♣
~F... ♣.~..§~~~~.~~.♣
.~~~~ ####.~~~~~~~♣
#.####..)##.♣.§§§§♣
... #....?#☼°○☼☼☼♣♣
~.(~#.??$ #~○♣§§@§♣
$...#... #~°♣♣DDD♣♣
..8.'.. ##○.○§☼§☼§♣
#.~.#'####~~~☼☼☼§§§♣
..(..°...#~††§☼§§○♣♣
..~8~8.(.#÷♣♣.~~.~♣
.~...b.P..~♣♣♣♣♣~~<.~
⌠~°..~.P.#.♣ ♣♣.~.~♣
##..###.~.~♣ ~~~♣♣


You could see the 27-headed Lernaean hydra and 2 swamp dragons.

Vanquished Creatures
  Agnes (D:14)
  5 emperor scorpions
  Donald (Spider:1)
  A ghoul (Swamp:2)
  2 orc warlords (Orc:1)
  3 ghost moths
  3 broodmothers
  2 eleionomae
  A spark wasp (Spider:3)
  3 bunyips
  A minotaur (Gauntlet)
  Josephine (Orc:1)
  6 entropy weavers
  Harold (Orc:1)
  A shambling mangrove (Swamp:3)
  2 vault guards (Bailey)
  4 centaur warriors
  2 ghost crabs
  16 hydras
  5 jorogumos
  2 radroaches
  10 alligators
  A vampire mage (D:15)
  6 boulder beetles
  A tengu warrior (D:15)
  A catoblepas (Lair:4)
  5 death yaks (Lair:5)
  5 two-headed ogres
  5 orc high priests (Orc:2)
  4 thrashing horrors (Lair:5)
  A pharaoh ant (Spider:3)
  2 skeletal warriors (D:15)
  2 golden dragon zombies (D:15)
  8 goliath frogs
  9 swamp dragons
  8 steelbarb worms
  3 spriggan druids
  10 bog bodies
  7 orb spiders
  Pikel (D:4)
  10 orc knights
  2 necromancers
  3 deep elf pyromancers
  3 wizards
  20 wolf spiders
  4 will-o-the-wisps
  2 orc sorcerers
  3 manticores
  An oklob plant (Lair:3)
  18 ugly things
  4 cyclopes
  6 black mambas
  An elephant (shapeshifter) (Lair:5)
  37 elephants
  2 fire giant skeletons (D:15)
  Maurice (D:12)
  A moth of wrath (Spider:2)
  Joseph (D:7)
  A guardian serpent (shapeshifter) (Lair:5)
  4 torpor snails
  A smoke demon (Lair:5)
  12 cane toads
  5 gargoyles (D:7)
  Maggie (Lair:2)
  An efreet (D:15)
  16 demonic crawlers
  2 tengu conjurers
  A kobold demonologist (D:10)
  10 komodo dragons
  2 unseen horrors
  2 minotaur zombies (Gauntlet)
  5 rime drakes
  A queen bee (Gauntlet)
  2 ancient zymes (Lair:5)
  2 polar bears
  A wind drake (shapeshifter) (Lair:5)
  Prince Ribbit (Bailey)
  6 meliai
  9 hornets
  8 tyrant leeches
  12 trolls
  15 tarantellas
  2 raiju (Gauntlet)
  33 blink frogs
  Grinder (D:6)
  18 dream sheep
  24 jumping spiders
  Sigmund (D:3)
  8 culicivoras
  A shadow (D:10)
  10 wraiths
  8 spriggans
  6 humans (Bailey)
  4 steam dragons
  6 wyverns
  A hog (shapeshifter) (D:14)
  57 yaks
  A human (shapeshifter) (D:13)
  7 basilisks
  11 small abominations (Lair:5)
  50 redbacks
  4 vampire mosquitoes (D:12)
  4 chaos spawn (Lair:5)
  4 wargs
  12 swamp worms
  Duvessa (D:4)
  An acid dragon (D:8)
  6 water moccasins
  53 orc warriors
  8 swamp drakes (Swamp:4)
  2 ice beasts (D:7)
  15 wolves
  4 black bears
  10 ogres
  14 centaurs
  2 phantoms
  4 kobold brigands (D:10)
  The ghost of rossy the Digger, an amateur SpEE (D:3)
  21 bullfrogs
  2 gnoll sergeants
  3 necrophages
  7 scorpions
  7 wights
  Dowan (D:4)
  3 killer bees (Gauntlet)
  3 electric eels (Spider:3)
  A crimson imp (D:5)
  3 jellies
  4 hounds
  3 gnoll boudas
  30 orc priests
  6 iguanas
  Natasha (thrice) (D:3)
  18 orc wizards
  2 yak simulacra (Lair:3)
  3 wolf simulacra (Lair:3)
  2 lightning spires (Gauntlet)
  2 polar bear simulacra (Lair:3)
  21 gnolls
  15 adders
  2 white imps (D:6)
  3 ufetubi
  5 worms
  3 dart slugs
  125 orcs
  A bat (D:3)
  4 endoplasms
  12 giant cockroaches
  13 goblins
  6 hobgoblins
  9 quokkas
  8 ball pythons
  6 frilled lizards (Sewer)
  11 kobolds
  6 rats
  4 river rat simulacra (Lair:3)
1163 creatures vanquished.

Vanquished Creatures (others)
  A spriggan druid (Swamp:2)
  A bloated husk (Swamp:4)
  A steam dragon (Gauntlet)
  An orc (Orc:2)
  10 foxfires
  43 fungi
  40 plants
  A withered plant (D:15)
98 creatures vanquished.

Grand Total: 1261 creatures vanquished

Notes
Turn   | Place    | Note
-------+----------+-------------------------------------------
     0 | D:1      | Engwar the Troll Fighter began the quest for the Orb.
     0 | D:1      | Reached XP level 1. HP: 22/22 MP: 0/0
   215 | D:1      | Reached XP level 2. HP: 29/29 MP: 1/1
   807 | D:2      | Reached XP level 3. HP: 32/36 MP: 2/2
   822 | D:2      | Reached skill level 3 in Unarmed Combat
  1000 | D:2      | Found a faded altar of an unknown god.
  1021 | D:2      | Reached XP level 4. HP: 44/44 MP: 3/3
  1848 | D:3      | Noticed Natasha
  1853 | D:3      | Killed Natasha
  1887 | D:3      | Noticed Natasha
  1897 | D:3      | Killed Natasha
  1955 | D:3      | Reached skill level 4 in Unarmed Combat
  1955 | D:3      | Reached XP level 5. HP: 53/53 MP: 4/4
  1972 | D:3      | Noticed Sigmund
  1978 | D:3      | Killed Sigmund
  1979 | D:3      | Reached XP level 6. HP: 61/61 MP: 5/5
  2017 | D:3      | Found a runed translucent gate.
  2017 | D:3      | Found a runed translucent gate.
  2017 | D:3      | Found a runed translucent gate.
  2032 | D:3      | Noticed rossy's ghost (amateur SpEE)
  2041 | D:3      | Killed rossy's ghost
  2042 | D:3      | Reached skill level 5 in Unarmed Combat
  2209 | D:3      | Noticed Natasha
  2215 | D:3      | Killed Natasha
  2328 | D:3      | Found an iron altar of Okawaru.
  2422 | D:3      | Found a white marble altar of Elyvilon.
  2708 | D:4      | Noticed Pikel
  2729 | D:4      | Killed Pikel
  2730 | D:4      | Reached skill level 6 in Unarmed Combat
  2730 | D:4      | Reached XP level 7. HP: 28/71 MP: 6/6
  2805 | D:4      | Noticed Duvessa
  2805 | D:4      | Noticed Dowan
  2814 | D:4      | Killed Duvessa
  2815 | D:4      | Reached skill level 5 in Shields
  2815 | D:4      | Reached XP level 8. HP: 69/79 MP: 7/7
  2832 | D:4      | Killed Dowan
  2833 | D:4      | Reached skill level 7 in Unarmed Combat
  3036 | D:4      | Found a staircase to the Ecumenical Temple.
  3050 | Temple   | Entered the Ecumenical Temple
  3189 | Temple   | Became a worshipper of the Wu Jian Council
  3525 | D:5      | Entered Level 5 of the Dungeon
  4091 | D:5      | Found a burning altar of Makhleb.
  4381 | D:5      | Reached skill level 5 in Fighting
  4755 | D:5      | Reached skill level 8 in Unarmed Combat
  4762 | D:5      | Reached * piety under Wu Jian
  4947 | D:6      | Found a glowing drain.
  4974 | Sewer    | Entered a sewer
  5213 | Sewer    | Reached ** piety under Wu Jian
  5216 | Sewer    | Reached XP level 9. HP: 76/88 MP: 8/8
  5331 | D:6      | Reached skill level 9 in Unarmed Combat
  5378 | D:6      | Noticed Grinder
  5389 | D:6      | Killed Grinder
  5834 | D:7      | Noticed Joseph
  5843 | D:7      | Killed Joseph
  5911 | D:7      | Reached skill level 10 in Unarmed Combat
  5985 | D:7      | Reached XP level 10. HP: 38/98 MP: 9/9
  6234 | D:7      | Noticed a gargoyle
  6237 | D:7      | Killed a gargoyle
  6263 | D:7      | Noticed a gargoyle
  6267 | D:7      | Killed a gargoyle
  6300 | D:7      | Noticed a gargoyle
  6302 | D:7      | Killed a gargoyle
  6308 | D:7      | Noticed a gargoyle
  6314 | D:7      | Killed a gargoyle
  6332 | D:7      | Noticed a gargoyle
  6343 | D:7      | Killed a gargoyle
  6706 | D:7      | Noticed a deep elf pyromancer
  6717 | D:7      | Killed a deep elf pyromancer
  6717 | D:7      | Reached *** piety under Wu Jian
  6718 | D:7      | Reached skill level 11 in Unarmed Combat
  7033 | D:8      | Reached skill level 5 in Dodging
  7097 | D:8      | Found a staircase to the Lair.
  7302 | D:8      | Found a sacrificial altar of Ru.
  7970 | D:9      | Found a flagged portal.
  7992 | Bailey   | Entered a bailey
  8002 | Bailey   | Reached XP level 11. HP: 109/109 MP: 10/10
  8089 | Bailey   | Reached **** piety under Wu Jian
  8107 | Bailey   | Noticed a vault guard
  8107 | Bailey   | Noticed Prince Ribbit
  8127 | Bailey   | Killed a vault guard
  8128 | Bailey   | Reached skill level 12 in Unarmed Combat
  8135 | Bailey   | Killed Prince Ribbit
  8190 | Bailey   | Noticed a vault guard
  8201 | Bailey   | Killed a vault guard
  8339 | D:9      | Noticed a two-headed ogre
  8347 | D:9      | Killed a two-headed ogre
  8348 | D:9      | Reached skill level 1 in Throwing
  8428 | D:9      | Found an opulent altar of Gozag.
  8930 | D:10     | Entered Level 10 of the Dungeon
 10061 | D:11     | Reached skill level 13 in Unarmed Combat
 10289 | D:11     | Reached XP level 12. HP: 106/119 MP: 11/11
 10315 | D:11     | Noticed a boulder beetle
 10317 | D:11     | Reached ***** piety under Wu Jian
 10325 | D:11     | Killed a boulder beetle
 10739 | Lair:1   | Entered Level 1 of the Lair of Beasts
 10804 | Lair:1   | You fall into a shaft and drop 1 floor!
 10835 | Lair:2   | Noticed Maggie
 10847 | Lair:2   | Killed Maggie
 10896 | Lair:2   | Reached skill level 5 in Throwing
 11326 | Lair:2   | Noticed a six-headed hydra
 11355 | Lair:2   | Killed a 13-headed hydra
 11701 | Lair:2   | Reached skill level 14 in Unarmed Combat
 12129 | Lair:3   | Identified a scroll of acquirement
 12129 | Lair:3   | Acquired a staff of earth
 12232 | Lair:3   | Found a hole to the Spider Nest.
 12291 | Lair:3   | Reached XP level 13. HP: 124/131 MP: 12/12
 12399 | Lair:3   | Reached skill level 10 in Shields
 12542 | Lair:3   | Found a frozen archway.
 12757 | Lair:3   | Reached skill level 15 in Unarmed Combat
 12849 | Lair:3   | Found a staircase to the Swamp.
 13444 | Lair:4   | Found a viscous altar of Jiyva.
 13444 | Lair:4   | Found a staircase to the Slime Pits.
 14497 | Lair:5   | Entered Level 5 of the Lair of Beasts
 14562 | Lair:5   | Reached XP level 14. HP: 106/141 MP: 13/13
 14599 | Lair:5   | Reached ****** piety under Wu Jian
 14601 | Lair:5   | Reached skill level 10 in Fighting
 14604 | Lair:5   | Reached skill level 16 in Unarmed Combat
 14667 | Lair:5   | Found a gate leading to a gauntlet.
 14973 | Gauntlet | Entered a Gauntlet
 14973 | Gauntlet | Found a large runed translucent door.
 14973 | Gauntlet | Found a large runed translucent door.
 14973 | Gauntlet | Found a large runed translucent door.
 14973 | Gauntlet | Found a large runed translucent door.
 14973 | Gauntlet | Found a runed translucent door.
 14973 | Gauntlet | Found a large runed translucent door.
 14973 | Gauntlet | Found a large runed translucent door.
 14973 | Gauntlet | Found a transporter.
 14973 | Gauntlet | Found a transporter.
 14973 | Gauntlet | Found a large runed translucent door.
 14973 | Gauntlet | Found a large runed translucent door.
 14973 | Gauntlet | Found a runed translucent gate.
 14973 | Gauntlet | Found a runed translucent gate.
 14973 | Gauntlet | Found a transporter.
 14974 | Gauntlet | Found a transporter.
 14977 | Gauntlet | Found a transporter.
 14977 | Gauntlet | Found a transporter.
 14992 | Gauntlet | Found a transporter.
 14994 | Gauntlet | Found a transporter.
 14995 | Gauntlet | Found a transporter.
 14996 | Gauntlet | Found a transporter.
 15012 | Gauntlet | Found a transporter.
 15036 | Gauntlet | Found a runed translucent gate.
 15039 | Gauntlet | Found a large runed translucent door.
 15040 | Gauntlet | Found a large runed translucent door.
 15042 | Gauntlet | Found a runed translucent door.
 15141 | Gauntlet | Identified the +0 hat of the Lonely Shrikes {Regen+}
 15163 | Gauntlet | Found a transporter.
 16377 | Lair:5   | Reached skill level 17 in Unarmed Combat
 16559 | Lair:5   | Found a corrupted altar of Lugonu.
 16559 | Lair:5   | Found a one-way gate to the infinite horrors of the Abyss.
 17002 | Lair:1   | Reached XP level 15. HP: 152/152 MP: 14/14
 17130 | Lair:1   | Identified the +8 war axe "Nueng" {flame, *Noise rPois
                  | rF+++ Str-3}
 17521 | D:12     | Noticed Maurice
 17535 | D:12     | Killed Maurice
 17622 | D:12     | Found a staircase to the Orcish Mines.
 18116 | Orc:1    | Entered Level 1 of the Orcish Mines
 18169 | Orc:1    | Noticed Josephine
 18183 | Orc:1    | Killed Josephine
 18240 | Orc:1    | Noticed Harold
 18256 | Orc:1    | Killed Harold
 18606 | Orc:1    | Identified the +8 halberd "Koistroto" {vorpal, rElec Will+
                  | Stlth-}
 18675 | Orc:1    | Identified the +1 quick blade of Jitaqusaid {freeze, rF+}
 18676 | Orc:1    | Identified the +4 ice dragon scales of Eternal Night {rF-
                  | rC++ Int+3 Dex+6 Stlth+}
 18691 | Orc:1    | Identified the +2 dagger of the Summoning Fox {vamp,
                  | Stlth+}
 18895 | Orc:1    | You fall into a shaft and drop 1 floor!
 18895 | Orc:2    | Entered Level 2 of the Orcish Mines
 18929 | Orc:2    | Reached skill level 1 in Armour
 19053 | Orc:2    | Found a staircase to the Elven Halls.
 19424 | Orc:2    | Reached skill level 18 in Unarmed Combat
 20275 | Orc:2    | Found Uzast's Book Shop.
 20278 | Orc:2    | Found Fyxtecw's Antique Armour Boutique.
 20279 | Orc:2    | Found Kaucopha's General Store.
 20280 | Orc:2    | Found Subor's Antique Armour Shop.
 20484 | D:13     | You fall into a shaft and drop 1 floor!
 20493 | D:14     | Noticed Agnes
 20510 | D:14     | Killed Agnes
 20529 | D:14     | HP: 6/154 [11-headed hydra (8)]
 20529 | D:14     | HP: 1/154 [11-headed hydra (5)]
 21121 | D:13     | Found a gate to the Vaults.
 21318 | D:14     | Found a sparkling altar of Nemelex Xobeh.
 21568 | D:14     | Found the +3 crown of Dyrovepreva {rElec Int+2 SInv}
 21789 | D:14     | Acquired the ring of Dyrural {rPois rC+ Str+7}
 21820 | D:14     | Reached XP level 16. HP: 161/165 MP: 15/15
 22162 | D:15     | Entered Level 15 of the Dungeon
 22327 | D:15     | Found a staircase to the Depths.
 22580 | D:15     | Reached skill level 19 in Unarmed Combat
 23614 | Spider:1 | Entered Level 1 of the Spider Nest
 23653 | Spider:1 | Noticed Donald
 23673 | Spider:1 | HP: 6/165 [Donald/+2 long sword of pain (21)]
 24051 | Spider:1 | Reached skill level 5 in Armour
 24630 | Spider:1 | Killed Donald
 24825 | Spider:1 | Reached skill level 20 in Unarmed Combat
 25426 | Spider:2 | Reached XP level 17. HP: 175/175 MP: 16/16
 27192 | Spider:3 | Reached skill level 21 in Unarmed Combat
 27656 | Swamp:1  | Entered Level 1 of the Swamp
 28597 | Swamp:2  | Identified the +4 short sword "Kucaluq" {speed, rElec rPois
                  | rF+}
 29279 | Swamp:2  | Reached XP level 18. HP: 134/187 MP: 17/17
 29798 | Swamp:4  | Entered Level 4 of the Swamp
 30123 | Swamp:4  | Reached skill level 22 in Unarmed Combat
 30258 | Swamp:4  | Noticed the 27-headed Lernaean hydra
 30277 | Swamp:4  | HP: 4/188 [the 27-headed Lernaean hydra (8)]
 30277 | Swamp:4  | Slain by the 27-headed Lernaean hydra

Illustrated notes

Levels and vault maps discovered:
D:1:      onia_arrival_mini_maze, layout_basic
D:2:      layout_basic, hellmonk_ecumenical_altar_blasted, minmay_pentomino_x2
D:3:      layout_basic, mainiacjoe_overflow_swirl, ebering_ghost_rock_garden,
          uniq_natasha, uniq_sigmund
D:4:      minmay_skewed_foursquare, layout_loops_ring,
          minmay_temple_entry_statues_pillars, uniq_duvessa, uniq_pikel
D:5:      minmay_bubble_buster, layout_layer_cave, makhleb_grotto_becter
D:6:      minmay_octagon_keep, layout_rooms, gup_sewer_entry_glass,
          hex_intersection, uniq_grinder
D:7:      cheibrodos_statue_roulette, layout_loops_ring, minmay_small_thing,
          uniq_joseph
D:8:      layout_basic, nicolae_ru_awakened_eye, grunt_lair_entry_orc_guard_hut
D:9:      layout_irregular_city, grunt_gozag_statues, enter_bailey_7
D:10:     layout_loops_corners
D:11:     layout_loops_cross
D:12:     layout_cave_pools, hiddenorc2_lemuel, evilmike_butchery, uniq_maurice
D:13:     layout_basic, david_vaults_1
D:14:     layout_loops_corners, nemelex_lonely_heart_becter, uniq_agnes
D:15:     gammafunk_depths_entry_grave, layout_basic, minmay_misc_feat_diagonals
Temple:   bh_familiar_temple
Lair:1:   layout_cave_shapes, grunt_megastairs_5
Lair:2:   layout_cellular_growth, chequers_serial_rivers_micro_d, uniq_maggie
Lair:3:   layout_long_grid, minmay_swamp_entry_worms,
          nicolae_spider_entry_non_spiders, portal_ice_cave_rime, st_stairs_10,
          eino_house_with_fridge
Lair:4:   layout_cave_pods, slime_entry_1
Lair:5:   hellmonk_lair_end_abyssal_woods, layout_loops_ring,
          gauntlet_entry_generic
Swamp:1:  layout_basic_swamp, serial_swamp_ruin, evilmike_swamp_ruin_house_5,
          evilmike_swamp_ruin_house_4, evilmike_swamp_ruin_house_3
Swamp:2:  layout_falls_marsh, evilmike_swamp_ruin_rubble_2
Swamp:3:  layout_falls_marsh, evilmike_swamp_ruin_rubble_1
Swamp:4:  grunt_swamp_rune_castle, layout_basic_swamp, uniq_kirke
Spider:1: nicolae_spider_corner, nicolae_spider_claw_tunnel, uniq_donald
Spider:2: layout_spider_delve
Spider:3: layout_spider_delve
Orc:1:    layout_diamond_mine, minmay_orc_treasury, uniq_harold, uniq_josephine
Orc:2:    st_orc_pillars, layout_caves, minmay_orc_temple_b

Skill      XL: |  1  2  3  4  5  6  7  8  9 10 11 12 13 14 15 16 17 18 |
---------------+-------------------------------------------------------+-----
Shields        | 3 4 5 6 7 8 9 10 11 12 13 14 | 14.6
Unarmed Combat | 3 4 6 8 10 11 13 14 15 17 18 20 21 22 | 22.0
Fighting       | 3 4 5 6 7 8 9 10 11 12 13 | 13.8
Dodging        | 3 5 6 7 8 9 |  9.9
Throwing       | 3 5 |  5.0
Armour         | 3 5 |  5.0

Action                   |  1- 3 |  4- 6 |  7- 9 | 10-12 | 13-15 | 16-18 || total
-------------------------+-------+-------+-------+-------+-------+-------++-------
Melee: Unarmed           |    73 |    84 |   273 |   698 |  1626 |  1395 ||  4149
Throw: Boomerang         |       |     2 |       |     2 |       |       ||     4
       Large rock        |       |       |       |     5 |    13 |    15 ||    33
Invok: Lunge             |       |       |    32 |    44 |    95 |    67 ||   238
       Whirlwind         |       |       |       |    23 |   123 |   109 ||   255
       Serpent's Lash    |       |       |       |     2 |     5 |    15 ||    22
       Heavenly Storm    |       |       |       |       |     3 |     3 ||     6
Evoke: Wand              |       |       |       |       |     3 |       ||     3
  Use: Scroll            |       |     9 |     9 |    13 |     9 |    11 ||    51
       Potion            |       |     1 |     1 |       |     4 |     6 ||    12
 Stab: Fleeing           |       |       |       |       |       |     1 ||     1
       Distracted        |       |       |       |       |       |     1 ||     1
Armor: Robe              |    15 |    11 |    33 |    56 |       |       ||   115
       Swamp dragon scal |       |       |       |    71 |   378 |       ||   449
       Ice dragon scales |       |       |       |       |   100 |   698 ||   798
Dodge: Dodged            |    12 |    10 |    42 |   128 |   402 |   539 ||  1133
Block: Kite shield       |    24 |    34 |   170 |   480 |  1419 |  1523 ||  3650
       Reflection        |       |     1 |     4 |    18 |    53 |    32 ||   108

Table legend: (Time is in decaauts)
 A = Elapsed time spent in this place.
 B = Non-inter-level travel time spent in this place.
 C = Inter-level travel time spent in this place.
 D = Time resting spent in this place.
 E = Time spent auto-exploring this place.
 F = Levels seen in this place.
 G = Mean time per level.
                   A        B        C        D        E       F      G
               +--------+--------+--------+--------+--------+-----+--------+
         Total |  29870 |  28347 |   1523 |   2227 |  18381 |  33 |  905.2 |
       Dungeon |  13824 |  12848 |    976 |    330 |  10172 |  15 |  921.6 |
        Temple |    185 |    177 |      8 |      0 |    165 |   1 |  185.0 |
          Lair |   6237 |   5968 |    269 |    406 |   3708 |   5 | 1247.4 |
         Swamp |   2714 |   2650 |     64 |    523 |   1334 |   4 |  678.5 |
   Spider Nest |   3820 |   3671 |    149 |    776 |   1800 |   3 | 1273.3 |
  Orcish Mines |   2134 |   2078 |     56 |    167 |    973 |   2 | 1067.0 |
         Sewer |    302 |    302 |      0 |      0 |    116 |   1 |  302.0 |
        Bailey |    273 |    273 |      0 |      3 |    111 |   1 |  273.0 |
      Gauntlet |    377 |    377 |      0 |     20 |      0 |   1 |  377.0 |
               +--------+--------+--------+--------+--------+-----+--------+

Top non-repeatable levels by time:
Spider:1: 1732 daAuts
  Lair:5: 1725 daAuts
  Lair:3: 1401 daAuts
     D:5: 1389 daAuts
  Lair:4: 1320 daAuts
Spider:2: 1290 daAuts
    D:15: 1204 daAuts
    D:10: 1179 daAuts
  Lair:2: 1172 daAuts
    D:14: 1146 daAuts
   Orc:2: 1145 daAuts
     D:8: 1111 daAuts
     D:7: 1010 daAuts
     D:2: 996 daAuts
   Orc:1: 989 daAuts
